 Dungeon Crawl Stone Soup version 0.17-a0-1430-g49fde19 (webtiles) character file.

940 Television the Chopper (level 7, -3/52 HPs)
             Began as a Mummy Fighter on June 25, 2015.
             Slain by Pikel
             ... wielding a +1 whip of electrocution
              (11 damage)
             ... on level 3 of the Dungeon.
             The game lasted 00:13:29 (2559 turns).

Television the Chopper (Mummy Fighter)              Turns: 2559, Time: 00:13:29

Health: -3/52      AC: 11    Str: 19    XL:     7   Next: 88%
Magic:  7/7        EV:  4    Int:  7    God:
Gold:   63         SH:  9    Dex: 14    Spells: 0 memorised, 6 levels left

rFire  x . .     SeeInvis .     h - +0 broad axe
rCold  + . .     Clarity  .     o - +0 chain mail
rNeg   + + +     SustAt   .     c - +0 shield
rPois  ∞         Gourm    .     l - +0 helmet
rElec  .         Spirit   .     (no cloak)
rCorr  .         Warding  .     (no gloves)
rMut   .         Stasis   .     e - +0 pair of boots
MR     .....                    a - amulet of faith
Stlth  ..........               (no ring)
                                (no ring)

@: not resistant to hostile enchantments, extremely unstealthy
A: no food or potions, fire vulnerability, cold resistance 1, negative energy
resistance 3, torment resistance, unbreathing
a: no special abilities


You were on level 3 of the Dungeon.
You were not hungry.

You visited 1 branch of the dungeon, and saw 7 of its levels.

You collected 63 gold pieces.

Inventory:

Hand weapons
 d - a +1 hand axe of flaming
 h - a +0 broad axe (weapon)
 i - a +0 blowgun
Missiles
 f - 7 poisoned needles
 m - 6 javelins (quivered)
Armour
 c - a +0 shield (worn)
 e - a +0 pair of boots (worn)
 l - a +0 helmet (worn)
 o - a +0 chain mail (worn)
Jewellery
 a - an amulet of faith (around neck)
Magical devices
 b - a wand of frost (30)
 g - a wand of digging (4)
Scrolls
 j - 2 scrolls of remove curse
 k - 2 scrolls of identify
 p - 2 scrolls of random uselessness


   Skills:
 - Level 3.0 Fighting
 + Level 7.7 Axes
 - Level 2.4 Armour
 - Level 2.4 Shields


You had 6 spell levels left.
You didn't know any spells.

Dungeon Overview and Level Annotations

Branches:
Dungeon (7/15)
 Temple: D:4-7

Altars:

Shops:
D:4 [

Annotations:
D:2 Terence
D:3 Pikel


Innate Abilities, Weirdness & Mutations

You do not eat or drink.
Your flesh is vulnerable to fire.
You are immune to poison.
Your flesh is cold resistant.
You are immune to negative energy.
You are immune to unholy pain and torment.
You can survive without breathing.


Message History

You slash Pikel!
Pikel is moderately wounded.
You hit the slave but do no damage. Pikel hits you but does no damage.
You are electrocuted!
The slave hits you.
* * * LOW HITPOINT WARNING * * *
You block the slave's attack.
Evoke which item? (* to show all) (? for menu, Esc to quit)
Okay, then.
Unknown command.
You closely miss the slave.
The slave is severely wounded.
You slash Pikel!
Pikel is heavily wounded.
You hit the slave but do no damage. The slave barely misses you.
The slave hits you.
* * * LOW HITPOINT WARNING * * *
Pikel hits you with a whip of electrocution.
* * * LOW HITPOINT WARNING * * *
You are electrocuted!
You die...

#.# ##.## #..# #.# #...#
######..###### #.# #.#.#
.............#
#(#####.#.#########.###..#
#.##....#..).## #.# #
#####..<.#######..#####.#
..............#....†......#
..#...........#p###########
#.#######.#.#@# # ###.#.pK#
#.#####......##
........#.#..#
..#####>###..# #.# #..#
.##..# ##.###..#
.....####...##..#
................#


You could see Pikel and 2 slaves.

Vanquished Creatures
  Edmund (D:4)
  Duvessa (D:6)
  A slave (D:3)
  An ice beast (D:5)
  2 ogres
  A centaur (D:6)
  A giant frog (D:6)
  Dowan (D:6)
  A scorpion (D:6)
  A crimson imp (D:6)
  An orc wizard (D:6)
  4 worker ants
  An adder (D:5)
  13 orcs
  11 hobgoblins
  A quokka (D:2)
  3 ball pythons
  4 bats
  A giant newt (D:2)
  6 goblins
  4 jackals
  6 kobolds
  2 rats (D:3)
68 creatures vanquished.

Notes
Turn   | Place    | Note
--------------------------------------------------------------
     0 | D:1      | Television the Mummy Fighter began the quest for the Orb.
     0 | D:1      | Reached XP level 1. HP: 18/18 MP: 1/1
   244 | D:1      | Reached XP level 2. HP: 18/24 MP: 2/2
   393 | D:2      | Noticed Terence
   667 | D:3      | Reached XP level 3. HP: 22/29 MP: 3/3
   880 | D:4      | Noticed an ogre
   897 | D:4      | Killed an ogre
   897 | D:4      | Reached skill level 4 in Axes
   897 | D:4      | Reached XP level 4. HP: 33/35 MP: 4/4
   943 | D:4      | Found Cusidaing's Antique Armour Shop.
  1085 | D:4      | Noticed Edmund
  1119 | D:4      | Killed Edmund
  1119 | D:4      | Reached skill level 5 in Axes
  1119 | D:4      | Reached XP level 5. HP: 32/41 MP: 5/5
  1267 | D:4      | Reached XP level 6. HP: 42/47 MP: 6/6
  1349 | D:4      | Noticed a slave
  1349 | D:4      | Noticed a slave
  1350 | D:4      | Noticed Pikel
  1350 | D:4      | Noticed a slave
  1380 | D:5      | Entered Level 5 of the Dungeon
  1538 | D:7      | Noticed a two-headed ogre
  1605 | D:6      | Reached skill level 6 in Axes
  1845 | D:6      | Reached XP level 7. HP: 48/52 MP: 7/7
  1896 | D:6      | Noticed Duvessa
  1899 | D:6      | Noticed Dowan
  1916 | D:6      | Killed Duvessa
  1916 | D:6      | Reached skill level 7 in Axes
  1919 | D:6      | Killed Dowan
  2367 | D:4      | Noticed a slave
  2414 | D:3      | Killed a slave
  2559 | D:3      | Slain by Pikel

Vault maps used:
D:1:      dpeg_arrival_round_b, nrook_uturn, grunt_decor_mini_mirrors,
          kennysheep_doodads
D:2:      first_bread, uniq_terence
D:4:      serial_shops, shop, wad_orctagon, uniq_pikel, uniq_edmund
D:6:      minmay_temple_entry_fiery, hangedman_abyss_or_decor_stabs,
          trog_hazing_becter, uniq_duvessa

Action                   |  1- 3 |  4- 6 |  7- 9 || total
-------------------------+-------+-------+-------++-------
Melee: Hand axe          |    83 |    35 |    12 ||   130
       War axe           |    18 |     4 |    18 ||    40
       Broad axe         |       |       |    32 ||    32
 Fire: Blowgun           |     6 |    22 |    14 ||    42
Throw: Javelin           |       |       |     2 ||     2
Evoke: Wand              |       |     2 |       ||     2
  Use: Scroll            |     2 |     3 |     1 ||     6
